 Dungeon Crawl Stone Soup version 0.31.0-32-g396128a36d (webtiles) character file.

Game seed: 13206455213347080984

2067 PriceMaster the Thaumaturge (level 9, 0/44 HPs)
             Began as a Spriggan Conjurer on Mar 24, 2024.
             Killed by miscasting Iskenderun's Mystic Blast (5 damage)
             ... on level 7 of the Dungeon.
             The game lasted 00:16:27 (8613 turns).

PriceMaster the Thaumaturge (Spriggan Conjurer)     Turns: 8613, Time: 00:16:28

Health: 0/44       AC:  5    Str:  2    XL:     9   Next: 5%
Magic:  3/23       EV: 19    Int: 25    God:
Gold:   207        SH:  0    Dex: 15    Spells: 13/26 levels left

rFire   . . .        c - +0 mace (holy)
rCold   x . .        (no shield)
rNeg    . . .        u - +0 steam dragon scales
rPois   .            (helmet restricted)
rElec   .            (no cloak)
rCorr   .            (gloves unavailable)
SInv    +            (boots unavailable)
Will    +....        j - amulet of regeneration
Stlth   +++          (no ring)
HPRegen 1.07/turn    (no ring)
MPRegen 0.18/turn

%: no passive effects
@: very slightly contaminated, very quick
A: very small, no large weapons, unfitting armour, see invisible, speed 3,
clever 1, robust 1, cold vulnerability 1
a: no special abilities


You were on level 7 of the Dungeon.
You visited 1 branch of the dungeon, and saw 7 of its levels.

You collected 319 gold pieces.
You spent 112 gold pieces at shops.

Inventory:

Hand Weapons
 b - a +0 dagger
 c - a +0 mace of holy wrath (weapon)
Missiles
 s - a throwing net
Armour
 a - a +0 robe
 u - +0 steam dragon scales (worn)
Jewellery
 j - an amulet of regeneration (around neck)
Wands
 o - a wand of charming (1)
 p - a wand of flame (10)
 w - a wand of iceblast (6)
Scrolls
 k - a scroll of revelation
 l - a scroll of amnesia
 m - 2 scrolls of poison
 n - a scroll of butterflies {unknown}
 q - a scroll of teleportation {unknown}
 v - a scroll of immolation {unknown}
Potions
 d - a potion of heal wounds {unknown}
 e - a potion of berserk rage {unknown}
 f - a potion of resistance {unknown}
 g - a potion of enlightenment {unknown}
 h - a potion of curing {unknown}
 i - 2 potions of magic
 r - a potion of lignification {unknown}
 t - a potion of haste


   Skills:
 + Level 0.9 Fighting
 + Level 1.5 Maces & Flails
 * Level 5.7 Dodging
 * Level 6.8 Stealth
 + Level 9.3 Spellcasting
 * Level 5.5 Conjurations
 + Level 1.6 Translocations
 + Level 0.7 Earth Magic
 + Level 2.8 Evocations


You had 13 spell levels left.
You knew the following spells:

 Your Spells              Type           Power      Damage    Failure   Level
a - Magic Dart            Conj           100%       1d8       1%          1
b - Iskenderun's Mystic   Conj/Tloc      29%        2d7       12%         4
c - Brom's Barrelling Bo  Conj/Erth      27%        2d5       14%         4
d - Fulminant Prism       Conj/Alch      12%        3d9       17%         4

Your spell library contained the following spells:

 Spells                   Type           Power      Damage    Failure   Level
 Shock                    Conj/Air       100%       1d9       1%          1
 Searing Ray              Conj           78%        2d7       1%          2
 Sandblast                Erth           30%        2d9       3%          1
 Stone Arrow              Conj/Erth      54%        3d10      4%          3
 Mephitic Cloud           Conj/Alch/Air  20%        N/A       8%          3
 Passwall                 Erth           15%        N/A       12%         3
 Volatile Blastmotes      Fire/Tloc      30%        2d12      12%         3
 Call Canine Familiar     Summ           11%        N/A       16%         3
 Sigil of Binding         Hex            11%        N/A       16%         3
 Swiftness                Air            11%        N/A       16%         3
 Dimensional Bullseye     Hex/Tloc       7%         N/A       36%         4
 Airstrike                Air            5%         2d(1-17)  45%         4
 Orb of Destruction       Conj           19%        9d8       99%         7
 Spellforged Servitor     Conj/Summ      12%        N/A       100%        7


Dungeon Overview and Level Annotations

Branches:
Dungeon (7/15)             Temple (0/1) D:4

Altars:
Dithmenos
Elyvilon
Kikubaaqudgha
Makhleb
Trog
Zin

Shops:
D:1 (!   D:6 (!


Innate Abilities, Weirdness & Mutations

You are very small and have problems with some larger weapons.
You are too small for most types of armour.
You have supernaturally acute eyesight. (SInv)
You cover ground extremely quickly. (Speed+++)
Your mind is acute. (Int +4, Str/Dex -1)
You are robust. (+10% HP)
You are vulnerable to cold. (rC-)


Message History

Casting: Magic Dart (safe; 1% risk of failure)
Confirm with . or Enter, or press ? or * to list all spells.
Aiming: Fulminant Prism (quite dangerous; 17% risk of failure)
Press: ? - help, Dir - move target You conjure a prism of explosive energy!
A fulminant prism comes into view.
Casting: Fulminant Prism (quite dangerous; 17% risk of failure)
Confirm with . or Enter, or press ? or * to list all spells.
You erupt in a blast of force!
The mystic blast hits the ice beast but does no damage.
The ice beast completely misses you.
Your fulminant prism crackles loudly.
Unknown command.
Casting: Iskenderun's Mystic Blast (quite dangerous; 12% risk of failure)
Confirm with . or Enter, or press ? or * to list all spells.
You miscast Iskenderun's Mystic Blast.
You are very lightly contaminated with residual magic.
Sparks fly from your hands! The ice beast hits you. The ice beast freezes you!
You feel a terrible chill!
Your fulminant prism explodes!
The blast of energy engulfs the ice beast!
The ice beast is heavily wounded.
Casting: Iskenderun's Mystic Blast (quite dangerous; 12% risk of failure)
Confirm with . or Enter, or press ? or * to list all spells.
You miscast Iskenderun's Mystic Blast.
Nothing appears to happen.
The ice beast hits you. The ice beast freezes you!!
You feel a terrible chill!
* * * LOW HITPOINT WARNING * * *
Unknown command.
Casting: Iskenderun's Mystic Blast (quite dangerous; 12% risk of failure)
Confirm with . or Enter, or press ? or * to list all spells.
Okay, then.
Casting: Iskenderun's Mystic Blast (quite dangerous; 12% risk of failure)
Confirm with . or Enter, or press ? or * to list all spells.
Okay, then.
Okay, then.
Casting: Iskenderun's Mystic Blast (quite dangerous; 12% risk of failure)
Confirm with . or Enter, or press ? or * to list all spells.
You miscast Iskenderun's Mystic Blast.
A wave of violent energy washes through your body.
You die...

.).))###.#### ###.## ...
# #)### ####.# # #.#..
..#... # #.#.# #..#.# # #
# #.#.# ##.##.##.##.
###.#.# # #.....รท....
....#.##.####..##(##.##.#
##.............Y@.#.....#
....<.##..###........!..#
#####.#...# #..##.##.##.#
###.#...###..#### #
#............#
#.#.#.######.#
#.#..........#
#.##..######## #.....#


You could see an ice beast.

Vanquished Creatures
  Sigmund (D:3)
  A steam dragon (D:6)
  An acid dragon (D:6)
  A water moccasin (D:6)
  An ice beast (D:6)
  A black bear (D:6)
  An ogre (D:6)
  A centaur (D:7)
  3 phantoms
  A bullfrog (D:7)
  A scorpion (D:5)
  4 hounds
  A bombardier beetle (D:6)
  3 jellies
  A gnoll bouda (D:6)
  4 iguanas
  2 orc wizards (D:7)
  7 gnolls
  7 adders
  2 white imps
  4 dart slugs
  A ribbon worm (D:4)
  11 orcs
  9 ball pythons
  5 bats
  2 bat zombies (D:4)
  9 endoplasms
  4 giant cockroaches
  7 goblins
  9 hobgoblins
  8 jackals
  4 kobolds
  3 quokkas
  5 frilled lizards
  2 frilled lizard zombies (D:4)
  7 rats
134 creatures vanquished.

Vanquished Creatures (collateral kills)
  Prince Ribbit (D:7)
  An orc (D:7)
  5 boulders
7 creatures vanquished.

Vanquished Creatures (others)
  An arcanist (D:3)
  12 boulders
  A fulminant prism (D:7)
14 creatures vanquished.

Grand Total: 155 creatures vanquished

Notes
Turn   | Place    | Note
-------+----------+-------------------------------------------
     0 | D:1      | PriceMaster the Spriggan Conjurer began the quest for the
                  | Orb.
     0 | D:1      | Reached XP level 1. HP: 9/9 MP: 5/5
    81 | D:1      | Found Diriax's General Store.
   230 | D:1      | Found Afeckus's Antique Weapon Shoppe.
   251 | D:1      | Reached skill level 3 in Spellcasting
   251 | D:1      | Reached XP level 2. HP: 9/13 MP: 5/7
   262 | D:1      | Reached XP level 3. HP: 13/16 MP: 1/8
   877 | D:1      | Found Ydasu's Distillery.
  1494 | D:2      | Reached XP level 4. HP: 5/21 MP: 7/10
  1593 | D:2      | Found a faded altar of an unknown god.
  1687 | D:2      | Reached skill level 4 in Spellcasting
  2224 | D:3      | Found a glowing silver altar of Zin.
  2658 | D:3      | Found a burning altar of Makhleb.
  2890 | D:3      | Found a bloodstained altar of Trog.
  2891 | D:3      | Noticed a wizard
  2897 | D:3      | Killed a wizard
  3044 | D:3      | Noticed Sigmund
  3056 | D:3      | Killed Sigmund
  3057 | D:3      | Reached skill level 5 in Spellcasting
  3057 | D:3      | Reached XP level 5. HP: 19/24 MP: 0/14
  3057 | D:3      | Reached XP level 6. HP: 22/28 MP: 0/15
  3301 | D:4      | Found a shadowy altar of Dithmenos.
  3529 | D:4      | Found a staircase to the Ecumenical Temple.
  3624 | D:4      | Reached skill level 6 in Spellcasting
  3672 | D:4      | Found an ancient bone altar of Kikubaaqudgha.
  4462 | D:5      | Entered Level 5 of the Dungeon
  4754 | D:5      | Reached XP level 7. HP: 32/32 MP: 12/18
  4804 | D:5      | Reached skill level 1 in Maces & Flails
  4851 | D:5      | Learned a level 4 spell: Iskenderun's Mystic Blast
  4871 | D:5      | Reached skill level 7 in Spellcasting
  5042 | D:5      | HP: 1/32 [iguana (13)]
  5605 | D:6      | Learned a level 4 spell: Brom's Barrelling Boulder
  5684 | D:6      | Reached skill level 5 in Stealth
  5704 | D:6      | Reached skill level 8 in Spellcasting
  6252 | D:6      | Found Pazank's Distillery.
  6270 | D:6      | Reached XP level 8. HP: 37/37 MP: 13/21
  6273 | D:6      | Bought a potion of mutation for 112 gold pieces
  6273 | D:6      | Gained mutation: Your mind is acute. (Int +4, Str/Dex -1)
                  | [potion of mutation]
  6273 | D:6      | Gained mutation: You are vulnerable to cold. (rC-) [potion
                  | of mutation]
  6273 | D:6      | Gained mutation: You are robust. (+10% HP) [potion of
                  | mutation]
  6445 | D:6      | Reached skill level 5 in Dodging
  6445 | D:6      | Reached skill level 1 in Evocations
  6685 | D:6      | Found a white marble altar of Elyvilon.
  6768 | D:6      | Found Enwoso's Weapon Shoppe.
  7230 | D:6      | Reached skill level 1 in Translocations
  7250 | D:6      | Reached skill level 9 in Spellcasting
  7318 | D:6      | Identified a scroll of acquirement
  7319 | D:6      | Acquired the Tome of Violence
  7575 | D:6      | Reached skill level 5 in Conjurations
  7983 | D:7      | Noticed Prince Ribbit
  8322 | D:7      | Killed Prince Ribbit
  8323 | D:7      | Reached XP level 9. HP: 44/44 MP: 3/23
  8602 | D:7      | Learned a level 4 spell: Fulminant Prism
  8613 | D:7      | Killed by miscasting Iskenderun's Mystic Blast

Illustrated notes

Levels and vault maps discovered:
D:1:      dpeg_arrival_chambers_temple_mockup, layout_loops_ring, serial_shops,
          shop, nicolae_shop_rolling_square, nicolae_shop_tiny_waterfront,
          nicolae_grassy_gnolls
D:2:      layout_loops_ring, chequers_ecumenical_altar_grove
D:3:      layout_basic, mainiacjoe_overflow_small_starburst, trog_wizard,
          lemuel_tele_altar, uniq_sigmund
D:4:      layout_loops_ring, nicolae_dithmenos_through_a_glass_darkly,
          lemuel_zombie_altar_kikubaaqudgha, minmay_temple_entry_glassed_door
D:5:      layout_basic, serial_bayou_lake_a
D:6:      minmay_chambers_of_fours, layout_loops_ring,
          mainiacjoe_overflow_catwalk, serial_shops, shop, nicolae_stop_n_shop_2
D:7:      layout_loops_ring, nicolae_gozag_seed_capital, uniq_prince_ribbit1

Skill      XL: |  1  2  3  4  5  6  7  8 |
---------------+-------------------------+-----
Conjurations   | 3 4 5 |  5.5
Spellcasting   | 3 5 6 8 9 |  9.3
Dodging        | 3 4 5 |  5.7
Stealth        | 4 5 6 |  6.8
Maces & Flails | 1 |  1.5
Evocations     | 2 |  2.8
Translocations | 1 |  1.6
Fighting       | |  0.9
Earth Magic    | |  0.7

Action                     |  1- 3 |  4- 6 |  7- 9 || total
---------------------------+-------+-------+-------++-------
  Melee: Mace              |    26 |    28 |    40 ||    94
         Dagger            |     6 |       |       ||     6
         Unarmed           |     1 |       |       ||     1
   Cast: Magic Dart        |    60 |   168 |    81 ||   309
         Iskenderun's Myst |       |       |    18 ||    18
         Brom's Barrelling |       |       |    19 ||    19
         Fulminant Prism   |       |       |     1 ||     1
  Evoke: Wand              |       |       |    30 ||    30
    Use: Potion            |     1 |       |     2 ||     3
         Scroll            |     1 |     1 |     5 ||     7
   Stab: Sleeping          |       |     1 |     1 ||     2
 Armour: Robe              |    23 |    24 |    29 ||    76
         Steam dragon scal |       |       |    30 ||    30
  Dodge: Dodged            |    69 |    58 |    71 ||   198
